 Dungeon Crawl Stone Soup version 0.18-a0-1171-ga8e22e7 (webtiles) character file.

2 4thArraOfDagon the Gusty (level 1, -1/14 HPs)
             Began as a Centaur Air Elementalist on Jan 26, 2016.
             Slain by an orc
             ... wielding a +0 hand axe
              (5 damage)
             ... on level 5 of the Dungeon.
             The game lasted 00:01:13 (158 turns).

4thArraOfDagon the Gusty (Centaur Air Elementalist)  Turns: 158, Time: 00:01:13

Health: -1/14      AC:  4    Str: 10    XL:     1   Next: 33%
Magic:  3/3        EV:  4    Int: 14    God:
Gold:   25         SH:  0    Dex:  9    Spells: 1 memorised, 2 levels left

rFire  . . .     SeeInvis .     (no weapon)
rCold  . . .     Gourm    .     a - +0 robe
rNeg   . . .     Faith    .     (no shield)
rPois  .         Spirit   .     (no helmet)
rElec  .         Dismiss  .     (no cloak)
rCorr  .         Reflect  .     (no gloves)
SustAt .         Harm     .     (no barding)
MR     .....                    (no amulet)
Stlth  +.........               (no ring)
                                (no ring)

@: very quick, not resistant to hostile enchantments, very unstealthy
A: hooves 3, deformed body, speed 2, tough skin 3
a: no special abilities


You were on level 5 of the Dungeon.
You were not hungry.

You visited 1 branch of the dungeon, and saw 4 of its levels.

You collected 25 gold pieces.

Inventory:

Armour
 a - a +0 robe (worn)
Wands
 g - a wand of paralysis (14/24)
Potions
 e - a potion of beneficial mutation {unknown}
Books
 b - a book of Air

   Spells                             Type                      Level
   a - Shock                          Conjuration/Air              1
   b - Swiftness                      Charms/Air                   2
   c - Repel Missiles                 Charms/Air                   2
   d - Static Discharge               Conjuration/Air              3
   e - Lightning Bolt                 Conjuration/Air              5
Comestibles
 c - a bread ration


   Skills:
 - Level 1.3 Dodging
 - Level 1.2 Stealth
 + Level 1.5 Spellcasting
 * Level 1.1 Conjurations
 * Level 2.8 Air Magic


You had 2 spell levels left.
You knew the following spells:

 Your Spells              Type           Power        Failure   Level  Hunger
a - Shock                 Conj/Air       #...         14%         1    ##.....


Dungeon Overview and Level Annotations

Branches:
Dungeon (5/15)
 Temple: D:4-7

Altars:


Innate Abilities, Weirdness & Mutations

You have hooves in place of feet.
Armour fits poorly on your strangely shaped body.
You cover ground very quickly.
You have extremely tough skin (AC +3).


Message History

An orc comes into view. It is wielding a hand axe.
Unknown command.
Unknown command.
Unknown command.
Unknown command.
An orc and an orc priest come into view.
The orc shouts! x2; The orc priest shouts!
Found a golden potion and 21 gold pieces.
Unknown command.
Unknown command.
Unknown command.
An orc and an orc priest come into view.
There is a stone staircase leading down here.
Unknown command.
Unknown command.
The orc priest shouts!
The orc shouts!
The orc hits you but does no damage. The orc hits you.
* * * LOW HITPOINT WARNING * * *
The orc hits you with a hand axe.
You die...

,,,,,,,**,,,,,,,,,,*
,,,,,,,,,..........###*****
**,,*****............,,,,,*
*,,,,,,,......$...o#****,*
**,******#..........#**#*,*******
*,,,* #..........##.o,,.,,,,,*
*,<,* #.......o.....#*.#****,*
*,,,* #......oo..#####.#*,,,,,
*,,,* **#....@o#.......#*,**,*
*,,,****** #.####S##.o...#**,**,,
*,,,,,,,,**#......##.....#**,****
*,,,,,,,,,!...###........#,,,,,,*
*,,,,,,,,*###.*#####....(#,*,,,,,
*,,,****** ##.##..S......#,**,,,,
*,,,*** ##...#Z#####.###,**,*,*
,,,,,,* #......####*.# *,,>,,,*
*,,,*,* #........Z#*,#*****,***


You could see 2 orc priests, an adder and 4 orcs.

Vanquished Creatures
  2 bats (D:1)
  A giant newt (D:1)
  A rat (D:1)
4 creatures vanquished.

Notes
Turn   | Place    | Note
--------------------------------------------------------------
     0 | D:1      | 4thArraOfDagon the Centaur Air Elementalist began the quest for the Orb.
     0 | D:1      | Reached XP level 1. HP: 14/14 MP: 3/3
    13 | D:1      | Reached skill level 1 in Conjurations
    99 | D:2      | You fall through a shaft for 2 floors!
    99 | D:4      | Noticed an iguana
   122 | D:4      | Noticed an orc priest
   123 | D:5      | Entered Level 5 of the Dungeon
   123 | D:5      | Noticed a necrophage
   123 | D:5      | Noticed a sky beast
   152 | D:5      | Noticed an orc wizard
   155 | D:5      | Noticed an orc priest
   158 | D:5      | Noticed an orc priest
   158 | D:5      | Slain by an orc

Vault maps used:
D:1:      dpeg_arrival_rooms_c
D:2:      due_unseen_surprise
D:4:      temple_doors_d, first_bread, uniq_duvessa
D:5:      kennysheep_little_box, nicolae_overflow_crystal_walls,
          kennysheep_generic_room_7, uniq_edmund

Action                   || total
-------------------------++-------
Melee: Unarmed           ||    21
 Cast: Shock             ||     2
  Use: Scroll            ||     2
